 Dungeon Crawl Stone Soup version 0.29-a0-360-g8ed1089bbe (webtiles) character file.

Game seed: 3506474909407227161

3768 Sweeb the Blocker (level 10, 0/1 (80) HPs)
             Began as a Formicid Fighter on Apr 29, 2022.
             Was a Believer of Makhleb.
             Slain by an orc
             ... wielding a +0 halberd
              (1 damage)
             ... in a bailey.
             The game lasted 00:15:38 (10417 turns).

Sweeb the Blocker (Formicid Fighter)               Turns: 10417, Time: 00:15:38

HP:   0/1 (80)      AC: 18    Str: 22    XL:     10   Next: 38%
MP:   10/10         EV:  6    Int:  7    God:    Makhleb [**....]
Gold: 380           SH:  7    Dex: 14    Spells: 9/9 levels left

rFire   + + .      SeeInvis +   v - +7 whip of Fee Simple {freeze, rPois}
rCold   + . .      Faith    +   c - +0 buckler
rNeg    . . .      Spirit   .   g - +2 plate armour
rPois   +          Reflect  .   (helmet unavailable)
rElec   .          Harm     .   y - scarf {rC+ rF+}
rCorr   .          Rampage  .   (no gloves)
Will    +....                   p - +0 pair of boots
Stlth   ..........              t - amulet of faith
HPRegen 0.01/turn               o - +4 ring of protection
MPRegen 0.12/turn               s - ring of protection from fire

@: extremely drained
A: permanent stasis, dig shafts and tunnels, antennae 3, four strong arms
a: Dig, Renounce Religion, Minor Destruction


You were in a bailey.
You worshipped Makhleb.
Makhleb was pleased with you.
You visited 2 branches of the dungeon, and saw 10 of its levels.
You also visited: Bailey.

You collected 582 gold pieces.
You spent 202 gold pieces at shops.

Inventory:

Hand Weapons
 a - a +3 dire flail
 v - the +7 whip of Fee Simple (weapon) {freeze, rPois}
   (You bought it in a shop on level 4 of the Dungeon)

   It freezes those it strikes, dealing additional cold damage.
   It can also slow down cold-blooded creatures.
   rPois:     It protects you from poison.
 z - a +2 whip of holy wrath
 C - a +5 flail
Armour
 c - a +0 buckler (worn)
 g - a +2 plate armour (worn)
 p - a +0 pair of boots (worn)
 y - a scarf of resistance (worn)
Jewellery
 l - a ring of ice
 o - a +4 ring of protection (left hand)
 s - a ring of protection from fire (right hand)
 t - an amulet of faith (around neck)
 B - an amulet of guardian spirit
Wands
 i - a wand of digging (4)
 u - a wand of mindburst (19)
 w - a wand of paralysis (22)
 x - a wand of iceblast (13)
Scrolls
 k - a scroll of silence
 q - 2 scrolls of amnesia
 r - a scroll of immolation
 A - 2 scrolls of vulnerability
Potions
 b - a potion of mutation {unknown}
 d - a potion of might
 e - 4 potions of lignification
 f - a potion of attraction {unknown}
 h - 2 potions of degeneration {unknown}
 j - 4 potions of curing
 m - a potion of flight
 n - a potion of haste {unknown}


   Skills:
 + Level 7.8 Fighting
 * Level 9.3 Maces & Flails
 - Level 3.2 Armour
 * Level 11.4 Shields


You had 9 spell levels left.
You didn't know any spells.
Your spell library contained the following spells:

 Spells                   Type           Power      Damage    Failure   Level
 Beastly Appendage        Tmut           0%         N/A       100%        1
 Magic Dart               Conj           0%         1d3       100%        1
 Shock                    Conj/Air       0%         1d3       100%        1
 Call Imp                 Summ           0%         N/A       100%        2
 Wereblood                Tmut           0%         N/A       100%        2
 Conjure Flame            Conj/Fire      0%         6-21      100%        3
 Ignite Poison            Fire/Tmut/Pois 0%         N/A       100%        3
 Mephitic Cloud           Conj/Pois/Air  0%         N/A       100%        3
 Spider Form              Tmut/Pois      0%         N/A       100%        3
 Airstrike                Air            0%         N/A       100%        4
 Sticky Flame             Conj/Fire      0%         2d3       100%        4
 Summon Ice Beast         Ice/Summ       0%         N/A       100%        4
 Summon Lightning Spire   Summ/Air       0%         N/A       100%        4
 Lightning Bolt           Conj/Air       0%         1d11      100%        5
 Manifold Assault         Tloc           0%         N/A       100%        5
 Summon Mana Viper        Hex/Summ       0%         N/A       100%        5
 Monstrous Menagerie      Summ           0%         N/A       100%        7
 Storm Form               Tmut/Air       0%         N/A       100%        7
 Blink                    Tloc           Unusable   N/A       N/A         2
 Swiftness                Air            Unusable   N/A       N/A         3

Dungeon Overview and Level Annotations

Branches:
Dungeon (9/15)             Temple (1/1) D:6          Bailey (1/1)
   Lair: D:8-11         Orc: D:9-12

Altars:
Ashenzari
Dithmenos
Elyvilon
Gozag
Hepliaklqana
Makhleb
Nemelex Xobeh
Okawaru
Qazlal
Ru
Sif Muna
Trog
Uskayaw
Vehumet
Wu Jian
Xom
Zin
Lugonu

Shops:
D:4 *

Annotations:
D:6 1 runed translucent door, Crazy Yiuf


Innate Abilities, Weirdness & Mutations

You cannot be hasted, slowed, berserked, paralysed or teleported.
You can dig through walls and to a lower floor.
You have a pair of large antennae on your head. (SInv)
Your four strong arms can wield two-handed weapons with a shield.


Message History

You can't dig through that.
You extend your mandibles.
You dig through the rock wall.
You feel drained.
You dig through the rock wall.
You feel drained.
You are starting to lose your buoyancy.
You dig through the rock wall.
You feel drained.
You dig through the rock wall.
You feel drained.
You dig through the rock wall.
You feel drained.
You can't dig through that.
You extend your mandibles.
You dig through the rock wall.
You feel drained.
You dig through the rock wall.
You feel drained.
You dig through the rock wall.
You feel drained.
You dig through the rock wall.
You feel drained.
You dig through the rock wall.
You feel drained.
You float gracefully downwards.
You dig through the rock wall.
You feel drained.
You dig through the rock wall.
You feel drained.
You dig through the rock wall.
You feel drained.
You dig through the rock wall.
You feel drained.
You dig through the rock wall.
You feel drained.
You dig through the rock wall.
You feel drained.
You dig through the rock wall.
You feel drained.
You dig through the rock wall.
You feel drained.
You dig through the rock wall.
You feel drained.
You dig through the rock wall.
You feel drained.
You dig through the rock wall.
You feel drained.
You dig through the rock wall.
You feel drained.
You dig through the rock wall.
You feel drained.
You dig through the rock wall.
You feel drained.
You can't dig through that.
You open the large door.
An orc comes into view. It is wielding a +0 halberd.
The orc shouts!
There is a large open door here.
An orc is nearby!
The orc barely misses you. The orc hits you with a +0 halberd.
Ouch! That really hurt!
You die...

###### ###### #####
###.#..♣♣ ≈≈≈≈≈♣
....#######..#....♣♣≈≈≈≈≈.
####.......#####..♣≈≈≈≈≈...
# ##########. #..♣≈≈≈≈..♣.#
{ {{ .... #...≈≈≈≈.....## #
{ {.o##@♣.≈≈≈≈..♣....♣♣♣ #
#..#.o..≈≈≈≈.........♣ ##
#8.#...######......... .# {
#..#...............∩.. .# {
{ #..'.................. .#
#..'.................. .#
#..#...............∩.. .#
#8.#.).######......... .#
#..#....≈≈≈≈..♣......♣


You could see an orc.

Vanquished Creatures
  A cyclops (D:7)
  Menkaure (D:6)
  6 orc warriors
  2 sky beasts (D:7)
  2 black bears
  4 centaurs
  3 phantoms
  A bullfrog (D:7)
  A necrophage (D:8)
  2 gnoll sergeants
  2 scorpions (D:5)
  8 wights
  6 killer bees (D:8)
  3 howler monkeys
  4 orc priests
  A hound (D:5)
  A gnoll shaman (D:7)
  4 iguanas
  4 orc wizards
  11 gnolls
  5 adders
  2 white imps
  An ufetubus (D:5)
  25 orcs
  7 ball pythons
  3 bats
  8 endoplasms
  A giant cockroach (D:1)
  3 goblins
  7 hobgoblins
  8 quokkas
  2 frilled lizards (D:1)
  9 kobolds
  10 rats
158 creatures vanquished.

Vanquished Creatures (others)
  A wizard (D:4)
1 creature vanquished.

Grand Total: 159 creatures vanquished

Notes
Turn   | Place    | Note
-------+----------+-------------------------------------------
     0 | D:1      | Sweeb the Formicid Fighter began the quest for the Orb.
     0 | D:1      | Reached XP level 1. HP: 18/18 MP: 1/1
   180 | D:1      | Reached XP level 2. HP: 23/24 MP: 2/2
   208 | D:1      | Reached skill level 4 in Shields
   960 | D:1      | Found a faded altar of an unknown god.
   968 | D:1      | Reached XP level 3. HP: 29/29 MP: 3/3
  1907 | D:2      | Found a radiant altar of Vehumet.
  2321 | D:3      | Reached XP level 4. HP: 36/37 MP: 4/4
  2597 | D:3      | Found a burning altar of Makhleb.
  3174 | D:4      | Reached XP level 5. HP: 42/42 MP: 5/5
  3203 | D:4      | Reached skill level 5 in Shields
  3336 | D:4      | Found Dikk's Assorted Antiques.
  3544 | D:4      | Found a bloodstained altar of Trog.
  3560 | D:4      | Noticed a wizard
  3563 | D:4      | Killed a wizard
  3830 | D:5      | Entered Level 5 of the Dungeon
  3830 | D:5      | Noticed a centaur
  3892 | D:5      | Killed a centaur
  3893 | D:5      | Reached XP level 6. HP: 33/47 MP: 6/6
  4228 | D:5      | Noticed a black bear
  4250 | D:5      | Killed a black bear
  4251 | D:5      | Reached skill level 6 in Shields
  4251 | D:5      | Reached XP level 7. HP: 19/55 MP: 7/7
  4507 | D:5      | Reached skill level 5 in Maces & Flails
  4628 | D:4      | Bought an encrusted whip for 202 gold pieces
  4628 | D:4      | Identified the +7 whip of Fee Simple {freeze, rPois} (You
                  | bought it in a shop on level 4 of the Dungeon)
  4750 | D:5      | Found a broken altar of Ashenzari.
  4758 | D:5      | Reached skill level 5 in Fighting
  4858 | D:5      | Found a hide-covered altar of Uskayaw.
  5090 | D:3      | Became a worshipper of Makhleb the Destroyer
  5140 | D:5      | Reached skill level 7 in Shields
  5525 | D:5      | Reached XP level 8. HP: 55/62 MP: 8/8
  5963 | D:6      | Noticed Menkaure
  5968 | D:6      | Killed Menkaure
  6067 | D:6      | Reached skill level 8 in Shields
  6300 | D:6      | Identified the +5 quarterstaff "Ruli" {spect, *Noise Int+8}
  6319 | D:6      | Found a staircase to the Ecumenical Temple.
  6351 | D:6      | Found a shimmering altar of Xom.
  6427 | D:6      | Found a runed translucent door.
  6519 | D:6      | Found an iron altar of Okawaru.
  6836 | D:6      | Noticed Crazy Yiuf
  6902 | D:6      | Found an ornate altar of the Wu Jian Council.
  6914 | D:6      | Reached XP level 9. HP: 64/67 MP: 9/9
  6962 | D:6      | Found a stormy altar of Qazlal.
  7141 | Temple   | Entered the Ecumenical Temple
  7246 | D:7      | Noticed a cyclops
  7272 | D:7      | Reached * piety under Makhleb
  7296 | D:7      | Killed a cyclops
  7297 | D:7      | Reached skill level 9 in Shields
  7542 | D:7      | Found a hazy altar of Hepliaklqana.
  7696 | D:7      | Reached skill level 10 in Shields
  8408 | D:7      | Reached ** piety under Makhleb
  8652 | D:8      | Reached XP level 10. HP: 75/77 MP: 10/10
  9237 | D:8      | Reached skill level 11 in Shields
  9542 | D:8      | Noticed a cyclops
 10235 | D:9      | Found a flagged portal.
 10260 | Bailey   | Entered a bailey
 10417 | Bailey   | Slain by an orc

Illustrated notes

Levels and vault maps discovered:
D:1:      sevenhm_arrival_forest_fort_small_3, layout_loops_ring,
          hellmonk_ecumenical_altar_pennies_from_heaven, due_unseen_surprise
D:2:      layout_basic, basic_altar, kennysheep_generic_room_9
D:3:      layout_basic, bloody_makhleb
D:4:      layout_loops_cross, trog_wizard, serial_shops, shop
D:5:      layout_basic, mainiacjoe_overflow_24_doors, amcnicky_altar_gilded
D:6:      layout_loops_ring, lemuel_tele_altar, okawaru_trees_2,
          grunt_qazlal_clouds, nicolae_overflow_crystal_walls,
          minmay_temple_entry_drinking_statues, uniq_crazy_yiuf_cottage,
          uniq_menkaure
D:7:      layout_basic, worldfamousw_hep_ancestral_shrine, grunt_tough_drop
D:8:      layout_basic, lightli_corner_chamber
D:9:      minmay_clustersquares, layout_irregular_city, enter_bailey_6,
          minmay_unpleasant_kobolds
Temple:   corrupted_temple
Bailey:   bailey_polearm_elven_captive_hellmonk, bailey

Skill      XL: |  1  2  3  4  5  6  7  8  9 10 |
---------------+-------------------------------+-----
Shields        | 4 5 6 7 8 10 11 | 11.4
Maces & Flails | 3 4 5 6 8 9 |  9.3
Fighting       | 4 5 6 7 |  7.8
Armour         | |  3.2

Action                   |  1- 3 |  4- 6 |  7- 9 | 10-12 || total
-------------------------+-------+-------+-------+-------++-------
Melee: Flail             |    26 |       |       |       ||    26
       Mace              |    93 |     7 |    27 |       ||   127
       Whip              |    15 |   124 |   198 |   102 ||   439
 Abil: Dig               |     1 |     2 |     6 |    10 ||    19
  Use: Scroll            |     8 |     2 |     3 |     1 ||    14
       Potion            |       |     1 |     2 |     1 ||     4
Armor: Scale mail        |    12 |       |       |       ||    12
       Plate armour      |    81 |    79 |   105 |    24 ||   289
Dodge: Dodged            |    35 |    36 |    42 |    25 ||   138
Block: Buckler           |    32 |    32 |    46 |    23 ||   133

Table legend: (Time is in decaauts)
 A = Elapsed time spent in this place.
 B = Non-inter-level travel time spent in this place.
 C = Inter-level travel time spent in this place.
 D = Time resting spent in this place.
 E = Time spent auto-exploring this place.
 F = Levels seen in this place.
 G = Mean time per level.
                   A        B        C        D        E       F      G
               +--------+--------+--------+--------+--------+-----+--------+
         Total |  10380 |   9943 |    437 |   2472 |   5835 |  11 |  943.6 |
       Dungeon |  10185 |   9761 |    424 |   2472 |   5814 |   9 | 1131.7 |
        Temple |     39 |     27 |     12 |      0 |     21 |   1 |   39.0 |
        Bailey |    155 |    155 |      0 |      0 |      0 |   1 |  155.0 |
               +--------+--------+--------+--------+--------+-----+--------+

Top non-repeatable levels by time:
     D:5: 1846 daAuts
     D:8: 1428 daAuts
     D:7: 1379 daAuts
     D:6: 1349 daAuts
     D:2: 1137 daAuts
     D:1: 1106 daAuts
     D:3: 996 daAuts
     D:4: 755 daAuts
     D:9: 185 daAuts
  Bailey: 155 daAuts
  Temple: 39 daAuts
